AoeStats
← blb_00

Lombardia

508493026Analyzed
2v2 RM · 9d ago on Sep 22, 2026· 47m 23s· 4 players
Game mode
Random Map
Map size
Medium (4 player)
Population
200
Speed
Normal
Resources
Standard
Victory
Conquest
Starting age
Dark Age
Ending age
Imperial Age
RankedLock teamsTeams togetherTeam positionsShared explorationLock speedFull tech treeHidden civsTurbo modeCheats
Victory
Defeat
🇷🇺 Franks · Russia
707
+19
🇷🇺 Saxons · Russia
687
+20
🇨🇳 Gurjaras · China
807
-20
🇪🇸 Burgundians · Spain
757
-19
blb_00
6:13 Wheelbarrow
6:04 Double-Bit Axe
13:44 Feudal Age
12:36 Gold Mining
13:47 Stone Mining
14:47 Town Watch
14:58 Loom
15:49 Bow Saw
17:07 Hand Cart
19:36 Gold Shaft Mining
19:38 Stone Shaft Mining
18:46 Horse Collar
22:50 Castle Age
21:43 Heavy Plow
26:39 Crop Rotation
27:13 Two-Man Saw
35:41 Imperial Age
36:09 Forging
36:00 Scale Mail Armor
35:53 Fletching
36:03 Padded Archer Armor
36:09 Scale Barding Armor
36:23 Elite Skirmisher
39:18 Squires
40:29 Chemistry
39:50 Ballistics
39:20 Capped Ram
42:32 Pikeman
46:20 Iron Casting
46:01 Chain Mail Armor
JoelReagan
0:28 Loom
12:39 Feudal Age
14:38 Horse Collar
14:45 Double-Bit Axe
14:53 Gold Mining
18:25 Stone Mining
22:57 Bloodlines
23:06 Man-at-Arms
27:15 Castle Age
27:28 Scale Barding Armor
27:34 Forging
27:15 Fletching
27:25 Padded Archer Armor
28:32 Thumb Ring
28:50 Heavy Plow
30:04 Bow Saw
30:46 Husbandry
33:36 Caravan
34:03 Chain Barding Armor
33:53 Treadmill Crane
36:05 Gold Shaft Mining
36:49 Wheelbarrow
38:13 Iron Casting
39:22 Hand Cart
46:19 Imperial Age
45:05 Kshatriyas
46:19 Ballistics
46:10 Fortified Wall
46:11 Masonry
47:29 Conscription
Disguanjou
14:01 Feudal Age
15:33 Double-Bit Axe
19:41 Castle Age
18:21 Gold Mining
21:04 Stone Mining
23:12 Husbandry
27:36 Scale Barding Armor
27:43 Forging
28:40 Wheelbarrow
29:32 Gold Shaft Mining
29:57 Bow Saw
31:40 Iron Casting
32:30 Hand Cart
32:01 Town Watch
35:56 Imperial Age
36:31 Cavalier
38:14 Blast Furnace
37:35 Chain Barding Armor
37:52 Chivalry
38:13 Elite Throwing Axeman
38:49 Paladin
41:50 Plate Barding Armor
40:38 Ordonnance Companies
40:47 Ordonnance Companies
42:09 Hoardings
42:00 Caravan
Linberg
12:20 Feudal Age
13:23 Double-Bit Axe
13:21 Horse Collar
18:48 Bloodlines
21:24 Castle Age
19:34 Scale Barding Armor
20:37 Stone Mining
23:33 Wheelbarrow
23:41 Gold Mining
24:21 Chain Barding Armor
24:41 Heavy Plow
24:56 Light Cavalry
26:43 Hand Cart
30:36 Bow Saw
33:01 Imperial Age
31:52 Scale Mail Armor
32:03 Forging
35:08 Two-Man Saw
34:01 Hussar
41:23 Pikeman
43:28 Crop Rotation
43:46 Elite Hearth Troop
45:18 Chain Mail Armor
45:38 Iron Casting
44:44 Halberdier
Connection lost

Rejoining the realm…

Still unreachable

The connection could not be restored.

Session expired

The server has moved on; the page needs a fresh start.